[Event "US Masters 2022"]
[Site "Charlotte"]
[Date "2022.11.26"]
[Round "6.14"]
[White "Jacobson, Brandon"]
[Black "Siddharth, Jagadeesh"]
[Result "1-0"]
[ECO "A17"]
[WhiteElo "2551"]
[BlackElo "2407"]
[Annotator "TA"]
[PlyCount "75"]
[EventDate "2022.11.23"]
[EventType "swiss"]
[EventCountry "USA"]
[SourceTitle "playchess.com"]
[Source "ChessBase"]
[SourceQuality "1"]
[TimeControl "5400+30"]

1. Nf3 d5 2. e3 Nf6 3. c4 e6 4. Nc3 b6 5. cxd5 exd5 6. b4 {[%emt 0:00:12] A17: English Opening: 1...Nf6 with ...Bb4.} c6 {[%emt 0:09:03] [#]} 7. a3 $146 ({Predecessor:} 7. b5 c5 8. d4 Be7 9. Be2 O-O 10. O-O Bb7 11. a4 Nbd7 12. Bb2 Re8 13. Ne5 Nxe5 14. dxe5 {1-0 (45) Sunilduth Lyna,N (2618)-Vetoshko,V (2523) Chess.com INT 2020}) 7... Bd6 8. g3 {[%emt 0:04:07] The position is equal.} O-O 9. Bg2 Ba6 10. d3 Nbd7 11. O-O Ne5 12. Nxe5 Bxe5 13. Bb2 Rc8 14. Na4 Qe7 15. Rc1 Rfd8 16. Re1 h6 17. Re2 (17. Nc3 $14) 17... Qe6 18. Rec2 Bxb2 19. Nxb2 Bb7 20. d4 Ra8 21. Nd3 a5 22. Ne5 Rdc8 23. Qd3 {[%emt 0:08:54] White is more active.} ({Better is} 23. b5 $16 c5 24. dxc5 bxc5 25. Nd3) 23... axb4 24. axb4 Nd7 25. Nxd7 Qxd7 26. e4 Qe7 27. exd5 cxd5 28. b5 Qd7 29. h4 Rxc2 30. Rxc2 Qd6 (30... g6 $14) 31. Bh3 $16 g6 32. Qc3 {[%emt 0:02:28] aiming for Qc7.} Qf6 $2 {[%emt 0:01:18] [#] This move loses the game for Black.} (32... Re8 $16 {keeps fighting.}) 33. Qc7 $18 Ra1+ 34. Kh2 Qxd4 $2 (34... Ba8 35. Qd7 Kg7) 35. Be6 {[%emt 0:02:56] White is clearly winning.} Qf6 36. Bxf7+ Qxf7 {[%emt 0:00:17] [#]} 37. Qb8+ $1 ({Not} 37. Qxf7+ Kxf7 38. Rc7+ Kf6 39. Rxb7 d4 $11) 37... Qf8 38. Qxb7 {[%emt 0:00:06] Weighted Error Value: White=0.10 (very precise) /Black=0.22 (precise)} 1-0

[Event "US Masters 2022"]
[Site "Charlotte"]
[Date "2022.11.26"]
[Round "6.15"]
[White "Luo, Terry"]
[Black "Mishra, Abhimanyu"]
[Result "0-1"]
[ECO "D00"]
[WhiteElo "2365"]
[BlackElo "2549"]
[Annotator "TA"]
[PlyCount "62"]
[EventDate "2022.11.23"]
[EventType "swiss"]
[EventCountry "USA"]
[SourceTitle "playchess.com"]
[Source "ChessBase"]
[SourceQuality "1"]
[TimeControl "5400+30"]

1. d4 d5 2. Nc3 Nf6 3. Bf4 e6 4. Nb5 Na6 5. e3 Be7 6. Nf3 {[%emt 0:00:16] D00: 1 d4 d5: Unusual lines.} O-O 7. Be2 c6 8. Nc3 {[%emt 0:00:04] The position is equal.} c5 9. O-O Bd7 10. Ne5 Be8 {[%emt 0:01:14] [#]} 11. g4 $146 ({Predecessor:} 11. Bf3 Rc8 12. Ne2 cxd4 13. exd4 Qb6 14. Rb1 Nd7 15. c3 Nxe5 16. Bxe5 f6 17. Bg3 {1-0 (65) Madaminov,M (2425)-Yilmaz,M (2633) Tashkent 2022}) 11... Nb4 12. g5 Nd7 13. Nf3 cxd4 14. exd4 f6 15. gxf6 Rxf6 (15... Nxf6 {keeps more tension.} 16. Ng5 Qb6 17. a3 Ne4) 16. Bg3 Bg6 17. a3 Nc6 ({Don't take} 17... Nxc2 18. Rc1 $14) (17... Bxc2 18. Qd2 $16) 18. Qd2 Bh5 (18... Bf5 {simplifies} 19. Rae1 Rf7 20. Kh1 a6) 19. Ne5 Ndxe5 20. dxe5 Rf5 21. Bd3 (21. f4 $15) 21... Nxe5 $19 22. Bxe5 Rxe5 23. f4 {[%emt 0:00:00] Prevents Rg5+.} Bc5+ 24. Kh1 Re3 {[%emt 0:00:42] Strongly threatening ...Qh4.} 25. Na4 Bb6 26. Nxb6 Qxb6 27. Kg2 {[%emt 0:00:00] Prevents Bf3+.} (27. Rae1 $17 Bf3+ 28. Rxf3 Rxf3 29. Kg2 Rxd3 30. cxd3) 27... d4 (27... Bg4 $19 {...Bh3+ is the strong threat.} 28. Qb4 Bh3+ 29. Kf2 Qxb4 30. axb4 Rxd3 31. cxd3 Bxf1 32. Rxf1 Rc8) 28. Rae1 $17 Rf8 {[%emt 0:01:36] Black is more active.} 29. Qb4 {[%emt 0:00:00] Prevents e5.} (29. Rxe3 $17 {only move.} dxe3 30. Qb4) 29... Bf3+ $19 30. Kg1 $2 (30. Rxf3 Qxb4 31. Rexe3 Qxb2 32. Rxe6) 30... Rxf4 {[%emt 0:01:12] [#] ( -> ...Rg4+)} 31. h3 {[%emt 0:00:00] Prevents Rg4+.} Qc7 {[%emt 0:01:27] Weighted Error Value: White=0.57/Black=0.09 (flawless)} 0-1

[Event "US Masters 2022"]
[Site "Charlotte"]
[Date "2022.11.26"]
[Round "6.16"]
[White "Schitco, Ivan"]
[Black "Fishbein, Alexander"]
[Result "1-0"]
[ECO "E90"]
[WhiteElo "2532"]
[BlackElo "2389"]
[Annotator "TA"]
[PlyCount "101"]
[EventDate "2022.11.23"]
[EventType "swiss"]
[EventCountry "USA"]
[SourceTitle "playchess.com"]
[Source "ChessBase"]
[SourceQuality "1"]
[TimeControl "5400+30"]

1. d4 Nf6 2. c4 g6 3. Nc3 Bg7 4. e4 d6 5. h3 O-O 6. Be3 c6 7. Nf3 Na6 {[%emt 0:03:44] E90: King's Indian: Classical: Early deviations and 6 h3.} 8. Be2 e5 9. d5 (9. dxe5 {simplifies} dxe5 10. Qxd8 Rxd8 11. O-O) 9... Nh5 {[%emt 0:00:11][%cal Bf6h5,Bh5f4,Bf4e2][%mdl 32] White is slightly better.} 10. O-O Nf4 11. Re1 Nxe2+ 12. Rxe2 c5 $1 {[%emt 0:01:26] [#]} 13. Ne1 $146 ({Predecessor:} 13. Qd2 Nc7 14. a3 a5 15. Ree1 Bd7 16. a4 b6 17. Nh2 Na6 18. Nb5 Bxb5 19. axb5 Nb4 20. Qd1 f5 21. Nf3 Bf6 22. Bh6 Rf7 23. Bd2 Qd7 24. Ra3 {½-½ (24) Sanchez,M (2359)-Rain,R (2251) ICCF email 2015}) 13... f5 14. f3 (14. f4 $11) 14... Nc7 (14... f4 $15 15. Bf2 Bd7) 15. a3 Ne8 (15... f4 $5 16. Bf2 a5 $11) 16. Qd2 f4 17. Bf2 g5 18. Nd3 h5 19. Kf1 g4 20. hxg4 hxg4 21. Ke1 Qg5 22. Kd1 Qh5 23. Kc2 gxf3 (23... g3 $11 24. Be1 Bd7) 24. gxf3 $14 Qxf3 (24... Rf6 $14) 25. Rg1 $1 $16 Nf6 $2 {[%emt 0:12:09][%mdl 8192] [#]} (25... Bg4 $2 26. Bh4 Bd7 27. Be7) (25... Rf6 $16) 26. Bxc5 $1 $18 {[%emt 0:13:15][%mdl 576] Deflection} dxc5 (26... Ng4 27. Bxd6) 27. Nxe5 Qh5 28. Reg2 (28. Qxf4 $2 Ng4 $1 $19 ) 28... Ne8 29. Rg5 Qh3 30. Ng6 $2 {[%emt 0:12:33] Against f3. Pair of Knights!} (30. d6) 30... Rf7 31. Nxf4 {[%emt 0:07:25] Really sharp!} (31. Kb1 $18) 31... Qh4 $16 32. Nce2 (32. Nd3 $142) 32... Nd6 $2 (32... Nf6 $16 {is a better chance.} 33. Nc3 Ng4) 33. Qc3 $18 Ne8 (33... Qh7 $2 34. Rxg7+ Rxg7 {[#]} 35. Nh5 $1 Qxe4+ 36. Kb3 Rxg1 37. Nf6+ Kf7 38. Nxe4 Nxe4 39. Qf3+ Nf6 40. Nxg1 $18) 34. Kb3 Kh7 35. e5 {[%emt 0:02:10] Black must now prevent Rh5+.} Rxf4 36. Nxf4 Qxf4 37. e6 $2 (37. Qc2+ Kg8 38. Qg2) 37... Qd4 $2 (37... Qxg5 38. Qd3+ Kh6 39. Rh1+ Qh5 40. Qe3+ (40. Rxh5+ Kxh5 41. Qh3+ Kg5 $16) 40... Kg6 41. Rxh5 Kxh5) 38. Qc2+ Kg8 39. R5g4 {[%emt 0:00:58] Prevents b5.} Qe5 (39... Qe3+ 40. Ka2 Bxe6 41. dxe6 Qxe6) 40. Qg6 Bxe6 41. dxe6 {[%emt 0:00:23] White threatens Qf7+ and mate.} Qxb2+ 42. Ka4 Qf2 {[%emt 0:01:08] Against Qf7+} 43. Rh1 {[%emt 0:00:51] Intending Rh7 and mate.} (43. e7 b5+ 44. cxb5 (44. Kxb5 Qe3 $11) 44... a6 $18) 43... b5+ 44. cxb5 {[%emt 0:00:08] Rh7 would kill now.} (44. Kxb5 Qf6 $16) 44... a6 45. Qh7+ Kf8 46. e7+ Kf7 47. Qg6+ Kxe7 48. Qe4+ ({Weaker is} 48. bxa6 Kf8 $11) 48... Kd7 49. Rxg7+ (49. Qxa8 $2 {loses.} axb5+ 50. Ka5 Bc3+ 51. Kb6 (51. Kxb5 $2 {perishes.} Nc7+ 52. Kc4 Nxa8 $19) 51... c4+ 52. Kb7 Qf3+ 53. Ka7 Qxg4 $19) 49... Nxg7 50. Rd1+ Kc7 51. Qc6+ {[%emt 0:00:06] Weighted Error Value: White=0.61/Black=0.86} 1-0

[Event "US Masters 2022"]
[Site "Charlotte"]
[Date "2022.11.26"]
[Round "6.17"]
[White "Deviprasath, Sharvesh"]
[Black "Brodsky, David"]
[Result "1/2-1/2"]
[ECO "A17"]
[WhiteElo "2265"]
[BlackElo "2509"]
[Annotator "TA"]
[PlyCount "171"]
[EventDate "2022.11.23"]
[EventType "swiss"]
[EventCountry "USA"]
[SourceTitle "playchess.com"]
[Source "ChessBase"]
[SourceQuality "1"]
[TimeControl "5400+30"]

1. c4 e6 2. Nf3 d5 3. e3 Nf6 4. Nc3 Bd6 5. b3 O-O 6. Bb2 {[%emt 0:00:13] A17: English Opening: 1...Nf6 with ...Bb4.} Re8 $1 {[%emt 0:00:17][%mdl 4] is more profitable than 6...c6 at the moment.} 7. Be2 a6 8. O-O b6 9. cxd5 exd5 10. Rc1 Bb7 11. Qc2 Nbd7 12. h3 {[%emt 0:01:11] [#]} Qe7 $146 ({Predecessor:} 12... Rc8 13. Rfd1 Qe7 14. Qb1 c5 15. d4 c4 16. a4 Bb4 17. Nd2 b5 18. axb5 axb5 19. bxc4 dxc4 {0-1 (45) Ten Hertog,H (2526)-Warmerdam,M (2614) Apeldoorn 2022}) 13. Nd4 g6 {[%emt 0:02:16] Inhibits Nf5. Hoping for ...c5.} 14. Nf3 Rac8 15. d4 Ne4 16. Bd3 c5 17. Qe2 b5 18. dxc5 Ndxc5 19. Bb1 b4 (19... Ng5 $1 $15) 20. Nxe4 $11 dxe4 21. Nd2 Rcd8 22. Ba1 Nd3 23. Rcd1 (23. Bxd3 exd3 24. Qd1 Bb8 $17) 23... Be5 24. Bxe5 Qxe5 25. Nc4 Qg5 26. Bxd3 exd3 {[%emt 0:00:36][%csl Gb7][%cal Rg5g2] [#]} 27. Qg4 Qf6 28. Rd2 Rd5 (28... h5 $5 29. Qf4 Qxf4 30. exf4 Re2 $11) 29. Qf4 {[%emt 0:04:17] Prevents Rg5.} Qxf4 30. exf4 Re2 31. Rfd1 Rd4 32. f3 Rxf4 33. Rxe2 dxe2 {[%emt 0:00:02][%mdl 4096] Endgame KRB-KRN} 34. Re1 Bd5 35. Ne3 Be6 36. Rxe2 Rd4 37. Nc2 Rd1+ 38. Kf2 a5 39. Re1 Rd5 40. Ne3 Rc5 41. Re2 Rc1 42. Rc2 Ra1 43. Nc4 a4 44. bxa4 (44. Ke3 $11 {keeps the balance.}) 44... Bxc4 $17 45. Rxc4 {[%emt 0:00:03] [#] Threatens to win with Rc2.} Rxa2+ $11 {[%emt 0:00:04] KR-KR} 46. Kg3 Rxa4 47. Rc8+ Kg7 48. Rb8 Kf6 {[%emt 0:01:00] Strongly threatening ...Ke5.} 49. Kf4 b3+ 50. Kg3 Ra3 51. Rb5 Ke6 52. Kf4 Kd6 {[%emt 0:00:11] White must now prevent ...Kc6.} 53. Ke4 Kc6 54. Rb8 Kc5 (54... Ra4+ {simplifies} 55. Ke3 Ra2 56. Rxb3 Rxg2 57. Ra3 Kd6) 55. Kd3 b2+ 56. Kc2 Ra2 57. Rb7 {[%emt 0:00:33] Against b1R+} f5 ({Black should try} 57... b1=R+ $17 58. Kxb1 Rxg2 59. Rxf7 h5) 58. Kb1 $1 {[%emt 0:01:41] The position is equal.} Ra1+ 59. Kxb2 Rg1 60. g4 f4 61. Kc3 Rg3 62. Kd3 Rxh3 63. Ke4 g5 64. Ra7 (64. Rg7 $5 h6 $8 65. Rc7+ Kb6 66. Re7 $11) 64... h6 65. Ra6 Rh1 66. Rg6 Re1+ 67. Kf5 Kd4 68. Rxh6 Re5+ 69. Kf6 Ra5 70. Rh5 Ke3 71. Rxg5 Ra6+ 72. Ke5 Kxf3 73. Rg8 $1 (73. Rf5 Kg3 74. Rf8 (74. Rxf4 Ra5+ 75. Ke4 Ra4+ 76. Ke5 Rxf4 77. g5 Rg4 78. Kf6 Kh4 79. g6 Kh5 80. g7 Kh6 81. Kf5 Rxg7 82. Ke4 Rd7 83. Ke5 Kg5 84. Ke6 Rd1 85. Ke5 Rd8 86. Ke6 Kf4 87. Ke7 Rd4 88. Ke6 Rd1 89. Kf7 Kf5 90. Ke7 Rd5 91. Kf7 Re5 92. Kg7 Re7+ 93. Kf8 Kf6 94. Kg8 Re8+ 95. Kh7 Ra8 96. Kh6 Rh8#) 74... Ra5+ 75. Ke4 Ra4+ 76. Kd3 Ra3+ 77. Kd2 Ra2+ 78. Kd3 Kxg4 79. Rg8+ Kf3 $19) 73... Ke3 {[%emt 0:01:15] And now ...f3 would win.} 74. g5 f3 75. Rb8 Ra5+ 76. Kf6 f2 77. Rb1 {[%emt 0:00:21] Prevents f1Q+.} Ra4 78. g6 Rf4+ 79. Ke7 Rg4 80. Rb3+ Ke4 (80... Ke2 $5 81. Rb2+ $8 Kf3 82. Rxf2+ Kxf2 $11) 81. Rb4+ Kf5 (81... Kd3 $5 82. Rb3+ $8 (82. Rxg4 $2 {perishes.} f1=Q $17) 82... Ke2 83. Rb2+ Kf3 84. Rxf2+ Kxf2 $11) 82. Rxg4 f1=Q {[%emt 0:00:12] ( -> ...Qe2+)} (82... f1=B {leads to mate.} 83. g7 Kxg4 84. g8=Q+ (84. g8=R+ Kf3 $11) 84... Kf3 85. Qf7+ Ke2 86. Ke6 Bg2 87. Ke5) (82... Kxg4 $5 83. g7 $8 f1=Q 84. g8=Q+ Kh5 $11) 83. g7 Qe2+ 84. Kf8 Qxg4 85. g8=Q Qxg8+ 86. Kxg8 {[%emt 0:00:02] Weighted Error Value: White=0.08 (flawless) /Black=0.07 (flawless)} 1/2-1/2

[Event "US Masters 2022"]
[Site "Charlotte"]
[Date "2022.11.26"]
[Round "6.18"]
[White "Budisavljevic, Luka"]
[Black "Plotkin, Mark"]
[Result "1/2-1/2"]
[ECO "A84"]
[WhiteElo "2505"]
[BlackElo "2361"]
[Annotator "TA"]
[PlyCount "35"]
[EventDate "2022.11.23"]
[EventType "swiss"]
[EventCountry "USA"]
[SourceTitle "playchess.com"]
[Source "ChessBase"]
[SourceQuality "1"]
[TimeControl "5400+30"]

1. Nf3 d5 2. c4 c6 3. e3 e6 4. d4 f5 5. Bd3 Nf6 6. O-O Bd6 7. b3 Qe7 8. a4 Nbd7 {[%emt 0:01:45] A84: Dutch Defence: 2 c4 Miscellaneous.} 9. Ba3 Bxa3 10. Nxa3 Ne4 {[%emt 0:00:37] White is slightly better.} 11. Qb1 a5 12. Nc2 O-O 13. Qb2 {[%emt 0:00:24] [#]} Rf6 $146 (13... g5 {simplifies} 14. Ne5 Nxe5 15. dxe5 Nc5) ({Predecessor:} 13... b6 14. b4 Ba6 15. b5 cxb5 16. cxb5 Bb7 17. Rfc1 Rac8 18. Nce1 Nd6 19. Qa3 Rxc1 20. Rxc1 Rc8 21. Rxc8+ Nxc8 22. Qxe7 {½-½ (22) Godart,F (2394)-Delorme,A (2464) Chartres 2022}) 14. Ne5 Rh6 15. g3 Qg5 (15... Nxe5 $15 16. dxe5 Nd2) 16. Ne1 Qh5 {[%emt 0:06:37][%csl Gh6][%cal Rh5h2] [#]} 17. h4 Nxe5 18. dxe5 {[%emt 0:00:48] Weighted Error Value: White=0.13 (very precise) /Black=0.12 (very precise)} 1/2-1/2

[Event "US Masters 2022"]
[Site "Charlotte"]
[Date "2022.11.26"]
[Round "6.19"]
[White "Nagy, Gabor"]
[Black "Rodriguez Garcia, Victor"]
[Result "1/2-1/2"]
[ECO "E62"]
[WhiteElo "2482"]
[BlackElo "2350"]
[Annotator "TA"]
[PlyCount "86"]
[EventDate "2022.11.23"]
[EventType "swiss"]
[EventCountry "USA"]
[SourceTitle "playchess.com"]
[Source "ChessBase"]
[SourceQuality "1"]
[TimeControl "5400+30"]

1. d4 d6 2. Nf3 Nf6 3. c4 g6 4. g3 Bg7 5. Bg2 O-O 6. Nc3 c6 7. O-O Bf5 8. Nh4 Be6 9. d5 cxd5 10. cxd5 Bd7 11. h3 Na6 {[%emt 0:00:28] E62: King's Indian: Fianchetto: 6...c6 and Panno Variation (6...Nc6) without ...a6.} 12. Be3 b5 13. a3 Qc8 {[%emt 0:15:09] The position is equal.} 14. Kh2 Qb7 15. Bd4 {[%emt 0:02:27] [#]} Rfc8 $146 ({Predecessor:} 15... b4 16. axb4 Nxb4 17. e4 Rfc8 18. f4 Rc4 19. e5 Nfxd5 20. b3 Rcc8 21. Nxd5 Nxd5 {½-½ (34) Solozhenkin,E (2500)-Nouro,M (2320) Jyvaskyla 1998}) 16. e4 Rc4 (16... Nc5 $11 {keeps the balance.}) 17. Nf3 $16 Be8 (17... Re8 $14) 18. e5 $18 Nd7 19. exd6 Bxd4 20. Nxd4 exd6 21. Ncxb5 ({Resist} 21. Ndxb5 $6 Qb8 22. Rc1 Ne5 $18) 21... Qb6 22. b3 Rc5 23. a4 Nf6 24. Na3 Nb4 25. Nc4 Qd8 26. Re1 (26. f4 $142) 26... Rb8 27. Qf3 Nbxd5 28. g4 h6 (28... Nb6 $11 {remains equal.}) 29. Qg3 $16 {[%emt 0:00:59] White is much more active.} Qc7 30. Nxd6 Bd7 31. Rad1 Rc3 $2 (31... a6 $16) 32. Qe5 $18 Bxg4 (32... Rc5 $142 33. Kg1 a6) 33. Bxd5 $2 {[%emt 0:00:21] The board is on fire.} (33. N4b5 $1 $18 Rxb5 34. axb5) 33... Rxh3+ $11 34. Kg2 Nxd5 35. Qxd5 (35. Rc1 $1 $11 {was the only way to keep the balance.} Rh5 36. Rxc7 Rxe5 37. Rxe5 Nxc7 38. Re7) 35... Rh5 $1 $36 {[%emt 0:00:18][%mdl 2048] Black is really pushing.} 36. Qc6 Qxc6+ 37. Nxc6 {[%emt 0:00:03] Pair of Knights!} Rxb3 38. Ne7+ Kf8 $1 {[%emt 0:01:10][%mdl 1024] aiming for ...Bf3+. Black has strong compensation.} 39. Rd4 (39. Nxg6+ $142 fxg6 40. Rc1 Bh3+ 41. Kg1 Rg5+ 42. Kh2) 39... Bf3+ $19 40. Kg3 {[%emt 0:00:06][%cal Oe7g6] Threatens to win with Nxg6+!} Rg5+ (40... Bc6+ $1 $19 {is more deadly.} 41. Re3 Rxe3+ 42. fxe3 Kxe7 43. Nc8+ Kf8 44. Nxa7 Be8) 41. Kh2 {[%emt 0:03:01] [#]} (41. Kh4 $17 {was worth a try.}) 41... Rh5+ (41... Rg2+ $142 $1 42. Kh3 Rxf2 43. Nxg6+ Kg7) 42. Kg3 {[%emt 0:00:06][%cal Oe7g6] Nxg6+! is the strong threat.} Rg5+ 43. Kh2 $1 {[%emt 0:00:08][%cal Oe7g6] [#]} Rh5+ $2 {[%emt 0:00:01] Weighted Error Value: White=0.32/Black=0.49} ({Better is} 43... Rg2+ $1 $19 44. Kh3 Rxf2 45. Nxg6+ Kg7 46. Nf5+ Kxg6 47. Nh4+ Kg7) 1/2-1/2

[Event "US Masters 2022"]
[Site "Charlotte"]
[Date "2022.11.26"]
[Round "6.20"]
[White "Neef, Maximilian"]
[Black "Zapata, Alonso"]
[Result "1-0"]
[ECO "D00"]
[WhiteElo "2481"]
[BlackElo "2336"]
[Annotator "TA"]
[PlyCount "75"]
[EventDate "2022.11.23"]
[EventType "swiss"]
[EventCountry "USA"]
[SourceTitle "playchess.com"]
[Source "ChessBase"]
[SourceQuality "1"]
[TimeControl "5400+30"]

1. d4 Nf6 2. Nc3 d5 3. Bf4 g6 4. e3 Bg7 5. Nb5 Na6 6. h3 {[%emt 0:00:14] D00: 1 d4 d5: Unusual lines.} c6 7. Nc3 Nc7 8. Bd3 {[%emt 0:03:46] The position is equal.} O-O 9. Nf3 Nce8 10. O-O Nd6 11. Ne5 {[%emt 0:07:29] [#]} Nfe4 $146 ({Predecessor:} 11... Bf5 12. a4 Bxd3 13. cxd3 Nd7 14. b4 f6 15. Nxd7 Qxd7 16. Qb3 e5 17. dxe5 fxe5 {0-1 (50) Shimanov,A (2581)-Gabrielian,A (2480) Chess.com INT 2022}) 12. Nxe4 dxe4 13. Be2 Be6 14. b3 g5 15. Bh2 (15. Bxg5 f6 16. Bg4 Bc8 17. Nxc6 (17. Bxc8 $2 Qxc8 18. Bh4 Nf5 $17) 17... bxc6 $17) 15... f6 16. Nc4 f5 17. Rb1 f4 18. Bg4 {[%emt 0:06:44] Prevents f3.} Qd7 (18... Bxc4 19. bxc4 e5 20. dxe5 Bxe5 21. c5 $16) (18... Qc8 $11) 19. Bxe6+ (19. Ne5 $1 $14 Qc8 20. exf4) 19... Qxe6 $11 20. Qg4 {[%emt 0:00:12] Against f3} Qxg4 21. hxg4 Nb5 {[%emt 0:46:32] Prevents c3.} 22. Rbe1 Nc3 23. Nd2 Rad8 (23... Nxa2 24. Nxe4 fxe3 25. Rxe3 $14 (25. fxe3 Nb4 $11)) 24. Nb1 Nxa2 25. c3 {[%emt 0:00:51] [#] Against Nb4. Re2 is the strong threat.} e5 26. Re2 fxe3 27. Rxa2 exd4 28. fxe3 dxc3 {[%emt 0:00:00] And now ...Rxf1+ would win.} 29. Rc1 b5 ({Black should try} 29... Rd3 $11) 30. Bc7 $1 $14 b4 $2 {[%emt 0:01:33][%mdl 8192] A mistake that costs the game.} 31. Bxd8 $18 (31. Rxa7 Rf7 32. Rb7 (32. Bxd8 Rxa7 33. Bxg5 c5 $17) 32... Rdf8 $19) 31... Rxd8 32. Rxa7 Be5 33. Ra5 Rd5 34. Rxd5 cxd5 35. Kf1 {[%emt 0:00:08] Threatens to win with Ke1.} d4 (35... Kf7 {might work better.} 36. Ke2 h6) 36. exd4 Bf4 (36... Bxd4 37. Rd1 c2) 37. Rc2 Kf7 {[%emt 0:00:01] [#]} 38. Nxc3 $1 {[%emt 0:00:19] Weighted Error Value: White=0.11 (very precise) /Black=0.32} 1-0

[Event "US Masters 2022"]
[Site "Charlotte"]
[Date "2022.11.26"]
[Round "6.21"]
[White "Korley, Kassa"]
[Black "Malicka, Maria"]
[Result "1/2-1/2"]
[ECO "A13"]
[WhiteElo "2451"]
[BlackElo "2275"]
[Annotator "TA"]
[PlyCount "75"]
[EventDate "2022.11.23"]
[EventType "swiss"]
[EventCountry "USA"]
[SourceTitle "playchess.com"]
[Source "ChessBase"]
[SourceQuality "1"]
[TimeControl "5400+30"]

1. Nf3 Nf6 2. b3 d5 3. Bb2 e6 4. e3 Be7 5. c4 O-O 6. Nc3 c5 7. cxd5 Nxd5 8. Nxd5 Qxd5 9. Bc4 Qd8 10. Qc2 {[%emt 0:06:43] A13: English Opening: 1...e6.} Nc6 11. h4 {[%emt 0:01:17][%cal Of3g5] [#] Black must now prevent Ng5!} Nb4 $146 ({Predecessor:} 11... h6 12. g4 Bf6 13. Ng5 Bxg5 14. hxg5 Qxg5 15. O-O-O Nb4 16. f4 Qg6 17. Qxg6 fxg6 {½-½ (28) Peralta,F (2561)-Formento,P (2329) Bassano del Grappa 2021}) 12. Qb1 {[%emt 0:00:07] White is slightly better.} f5 13. a3 (13. h5 {feels hotter.} h6 14. Ne5 a6 15. Ng6) 13... Nd5 14. d4 ({White should try} 14. h5 $14) 14... b5 $11 15. Bxd5 Qxd5 16. dxc5 Qxb3 (16... Qxc5 $11 17. Bd4 Qc7) 17. Bd4 (17. c6 {seems wilder.} Qd5 18. Qc2 b4 19. O-O) 17... Qxb1+ 18. Rxb1 a6 19. Ne5 Bf6 (19... Rd8 $11) 20. Ke2 ({White should play} 20. c6 $16) 20... Bxe5 $14 21. Bxe5 {[%emt 0:00:04] Hoping for c6.} Bb7 {[%emt 0:00:02] Prevents c6.} 22. f3 Rfd8 23. Bd6 Kf7 24. h5 Rac8 25. Rhd1 Kf6 26. f4 (26. e4 $14) 26... Kf7 (26... Bxg2 $2 27. Be5+ Ke7 28. Rg1 Rxc5 29. Rxg2 Rc2+ 30. Kf3 Rxg2 31. Kxg2 $18) 27. Be5 Rxd1 (27... Bxg2 $2 28. Rxd8 Rxd8 29. Rg1 $18) 28. Rxd1 $11 {[%emt 0:00:09][%mdl 4096] [#] Endgame Strongly threatening Rd7+. KRB-KRB} Bd5 29. Bd4 Rg8 (29... Bxg2 $2 30. Rg1 $18) 30. g3 g5 31. Kf2 gxf4 32. exf4 Ke7 33. Rb1 Kd7 34. h6 Rb8 (34... Be4 $5 35. Rd1 Kc6 $15) 35. Be5 Rc8 36. Bd4 Rb8 37. Be5 Rc8 38. Bd4 {[%emt 0:00:23] Weighted Error Value: White=0.19 (very precise) /Black=0.19 (very precise)} 1/2-1/2